 Dungeon Crawl Stone Soup version 0.23-a0-309-ge7838e6 (webtiles) character file.

14923 Amnesiac the Covert (level 11, 51/51 HPs)
             Began as a Felid Earth Elementalist on Oct 11, 2018.
             Was the Champion of Dithmenos.
             Quit the game on level 2 of the Orcish Mines on Oct 12, 2018.
             The game lasted 00:41:45 (18858 turns).

Amnesiac the Covert (Felid Earth Elementalist)     Turns: 18858, Time: 00:41:46

Health: 51/51      AC:  3    Str:  4    XL:     11   Next: 95%
Magic:  19/19      EV: 26    Int: 19    God:    Dithmenos [******]
Gold:   1304       SH:  0    Dex: 19    Spells: 7/20 levels left
                                        Lives:  1   Deaths: 1

rFire    . . .     SeeInvis +     - Unarmed
rCold    + . .     Gourm    .   (shield unavailable)
rNeg     . . .     Faith    .   (armour unavailable)
rPois    .         Spirit   .   (helmet unavailable)
rElec    .         Reflect  .   (cloak unavailable)
rCorr    .         Harm     .   (gloves unavailable)
MR       +....                  (boots unavailable)
Stlth    +++++++++.             t - amulet of magic regeneration
HPRegen  0.17/turn              (no ring)
MPRegen  0.41/turn              (no ring)

@: wreathed by umbra, quick
A: very small, no armour, no weapons or thrown items, stealth, claws 1, fangs 3,
see invisible, carnivore, speed 1, shaggy fur 3, slow metabolism 1, sharp paws
a: Shadow Step, Shadow Form, Renounce Religion


You were on level 2 of the Orcish Mines.
You worshipped Dithmenos.
Dithmenos was exalted by your worship.
You were not hungry.

You visited 2 branches of the dungeon, and saw 13 of its levels.
You also visited: Bailey.

You collected 1304 gold pieces.

Inventory:

Missiles
 b - 186 stones
Jewellery
 m - an uncursed ring of fire
 t - an amulet of magic regeneration (around neck)
Wands
 p - a wand of flame (56)
 s - a wand of clouds (5)
Scrolls
 f - 5 scrolls of remove curse {!r}
 g - 3 scrolls of amnesia {!r}
 i - a scroll of fear {!r}
 k - 4 scrolls of teleportation {!r}
 u - a scroll of blinking {!r}
 y - a scroll of vulnerability {!r, unknown}
Potions
 a - a potion of haste {!q}
 d - a potion of ambrosia {!q, unknown}
 e - 2 potions of flight {!q, unknown}
 h - 2 potions of brilliance {!q}
 j - 5 potions of heal wounds {!q}
 l - 5 potions of curing {!q}
 n - a potion of berserk rage {!q}
 o - 5 potions of magic {!q}
 q - 2 potions of agility {!q}
 r - a potion of might {!q}
 v - 2 potions of mutation {!q, unknown}
 z - a potion of lignification {!q, unknown}
Miscellaneous
 w - a phial of floods
Comestibles
 c - 19 rations
 x - 7 chunks of flesh


   Skills:
 - Level 8.0 Fighting
 + Level 9.0 Dodging
 + Level 10.8 Stealth
 * Level 10.6 Unarmed Combat
 + Level 5.2 Spellcasting
 - Level 10.0 Transmutations
 * Level 9.8 Earth Magic


You had 7 spell levels left.
You knew the following spells:

 Your Spells              Type           Power        Failure   Level  Hunger
a - Sandblast             Erth           #####.       1%          1    None
b - Passwall              Tmut/Erth      #####...     1%          2    None
c - Summon Butterflies    Summ           #.......     12%         1    None
d - Lee's Rapid Deconstr  Erth           #####.....   6%          5    #####..
e - Petrify               Tmut/Erth      #####...     1%          4    ####...

Your spell library contained the following spells:

 Spells                   Type           Power        Failure   Level  Hunger
 Stone Arrow              Conj/Erth      ###...       4%          3    ##.....
 Apportation              Tloc           #.....       12%         1    None
 Summon Small Mammal      Summ           #...         12%         1    None
 Call Imp                 Summ           #.......     19%         2    None
 Call Canine Familiar     Summ           #.......     36%         3    ##.....
 Lesser Beckoning         Tloc           #.........   36%         3    ##.....
 Summon Guardian Golem    Hex/Summ       #.......     36%         3    ##.....
 Tukima's Dance           Hex            #.......     36%         3    ##.....
 Alistair's Intoxication  Tmut/Pois      ###.....     41%         5    #####..
 Summon Ice Beast         Ice/Summ       #.......     77%         4    ####...
 Summon Lightning Spire   Summ/Air       #.......     77%         4    ####...
 Summon Mana Viper        Hex/Summ       #.......     98%         5    #####..
 Invisibility             Hex            #.......     100%        6    #######
 Summon Hydra             Summ           #.........   100%        7    #######


Dungeon Overview and Level Annotations

Branches:
Dungeon (11/15)            Temple (0/1) D:7            Lair (0/6) D:11
    Orc (2/2) D:9             Elf (0/3) Orc:2

Altars:
Ashenzari
Dithmenos
Elyvilon
Fedhas
Gozag
Kikubaaqudgha
Qazlal
Uskayaw
Xom
Zin
The Shining One
Beogh

Shops:
D:4 [   D:8 %*:%   Orc:2 [}%[

Annotations:
Orc:2 Nessos


Innate Abilities, Weirdness & Mutations

You cannot wear armour.
You are incapable of wielding weapons or throwing items.
Your paws allow you to move quietly. (Stealth)
You have sharp claws.
You have razor-sharp teeth.
You have supernaturally acute eyesight. (SInv)
You are carnivorous and can eat meat at any time.
You cover ground quickly.
Your thick and shaggy fur keeps you warm. (AC +3, rC+)
You have a slow metabolism.
Your sharp claws are effective at attacking unaware monsters.


Message History

Dithmenos accepts your kill.
b - 186 stones The orc warrior shouts!
Casting: Sandblast (safe; 1% risk of failure)
Confirm with . or Enter, or press ? or * to list all spells.
You can't see any susceptible monsters within range! (Use Z to cast anyway.)
Casting: Sandblast (safe; 1% risk of failure)
Confirm with . or Enter, or press ? or * to list all spells.
You can't see any susceptible monsters within range! (Use Z to cast anyway.)
Casting: Sandblast (safe; 1% risk of failure)
Confirm with . or Enter, or press ? or * to list all spells.
You can't see any susceptible monsters within range! (Use Z to cast anyway.)
Casting: Sandblast (safe; 1% risk of failure)
Confirm with . or Enter, or press ? or * to list all spells.
Aiming: Petrify (safe; 1% risk of failure)
Press: ? - help, Shift-Dir - straight line, f - orc
Aim: an orc, wearing a chain mail (hasn't noticed you, umbra, chance to defeat The orc shouts!
The orc barely resists.
Unknown command.
Casting: Petrify (safe; 1% risk of failure)
Confirm with . or Enter, or press ? or * to list all spells.
Aiming: Petrify (safe; 1% risk of failure)
Press: ? - help, Shift-Dir - straight line, f - orc warrior
Aim: an orc warrior, wielding a trident and wearing a plate armour (umbra, The orc warrior is moving more slowly.
Your shadow mimicks your spell!
The orc warrior resists with significant effort.
Unknown command.
The orc barely misses you.
You scratch the orc.
The orc is severely wounded.
The orc warrior stops moving altogether!
The orc misses you.
You pounce on the unaware helpless orc warrior!
You eviscerate the orc warrior!!!!
You kill the orc warrior!
Dithmenos accepts your kill. The orc misses you.
You barely miss the orc.
Nessos shouts!
You bite the orc, but do no damage.
The orc is severely wounded.
Nessos wields a glowing longbow.
It bursts into flame!
Nessos shoots an arrow.
The arrow hits you!
* * * LOW HITPOINT WARNING * * *
You emit a cloud of dark smoke.
The arrow burns you!
* * * LOW HITPOINT WARNING * * *
The orc completely misses you. The orc completely misses you.
Casting: Petrify (safe; 1% risk of failure)
Confirm with . or Enter, or press ? or * to list all spells.
Aiming: Petrify (safe; 1% risk of failure)
Press: ? - help, Shift-Dir - straight line The orc barely resists.
The orc barely misses you.
Casting: Petrify (safe; 1% risk of failure)
Confirm with . or Enter, or press ? or * to list all spells.
Aiming: Petrify (safe; 1% risk of failure)
Press: ? - help, Shift-Dir - straight line Nothing appears to happen.
The orc hits you.
You die...
You are now level 11!
You rejoin the land of the living...
Are you sure you want to abandon this character and quit the game? (Confirm

..... ..
#....#........÷)).).... ....
#....#..###.###.####### ....
#∩...#..# #.# #.# # ....
.######..###.###.####### ....
........................ ....
........................ ....
.......#...#......[##### ....
..................## ....
........@......#.### ....
...............)#### ....
.................#.## ....
....................# ....
.........##[.....#.##
.................)[......##
........................##
......................##.##
......................#...###


There were no monsters in sight!

Vanquished Creatures
  2 two-headed ogres (D:9)
  4 orc high priests (Orc:2)
  A manticore (D:11)
  A cyclops (Orc:2)
  A komodo dragon (D:11)
  2 hippogriffs
  Sigmund (D:4)
  8 yaks (D:11)
  A wyvern (D:9)
  A basilisk (D:11)
  A hungry ghost (D:10)
  7 wargs (Orc:2)
  2 water moccasins
  12 orc warriors
  4 ice beasts
  3 sky beasts
  A necrophage (D:9)
  7 ogres
  3 phantoms
  2 centaurs (D:9)
  7 bullfrogs
  8 big kobolds
  A wyvern zombie (D:10)
  2 scorpions
  3 killer bees (D:9)
  2 howler monkeys (D:7)
  8 wights
  7 electric eels (D:10)
  5 crimson imps
  2 hounds
  A quasit (D:9)
  A bullfrog skeleton (D:11)
  3 jellies
  29 orc priests
  A centaur skeleton (D:8)
  4 iguanas
  18 orc wizards
  3 worker ants
  Ijyb (D:4)
  A killer bee zombie (D:5)
  2 hound skeletons
  A worker ant zombie (D:11)
  17 gnolls
  A howler monkey skeleton (D:6)
  8 adders
  3 shadow imps
  3 oozes
  2 adder skeletons
  5 dart slugs
  5 worms
  4 leopard geckos
  93 orcs
  4 ball pythons
  8 bats
  9 giant cockroaches
  12 goblins
  16 hobgoblins
  12 jackals
  69 kobolds
  4 quokkas
  5 frilled lizards
  A leopard gecko zombie (D:6)
  10 rats
  A plant (D:11)
466 creatures vanquished.

Notes
Turn   | Place    | Note
-------+----------+-------------------------------------------
     0 | D:1      | Amnesiac the Felid Earth Elementalist began the quest for
                  | the Orb.
     0 | D:1      | Reached XP level 1. HP: 7/7 MP: 4/4
   655 | D:1      | Reached XP level 2. HP: 8/11 MP: 4/6
   661 | D:1      | Learned a level 2 spell: Passwall
   702 | D:2      | You fall through a shaft for 2 floors!
   702 | D:4      | Found a stormy altar of Qazlal.
   702 | D:4      | Found a glowing golden altar of the Shining One.
   702 | D:4      | Found a shadowy altar of Dithmenos.
   702 | D:4      | Found a shimmering altar of Xom.
   702 | D:4      | Found a hide-covered altar of Uskayaw.
   702 | D:4      | Found an ancient bone altar of Kikubaaqudgha.
   702 | D:4      | Noticed Sigmund
   736 | D:4      | Became a worshipper of Dithmenos the Shadowed
   768 | D:2      | Found a blossoming altar of Fedhas.
  1086 | D:1      | Reached skill level 1 in Unarmed Combat
  1141 | D:1      | Reached XP level 3. HP: 4/14 MP: 3/7
  1989 | D:2      | Reached * piety under Dithmenos
  2187 | D:2      | Noticed an orc warrior
  2403 | D:2      | Reached XP level 4. HP: 18/18 MP: 3/8
  2470 | D:1      | Learned a level 4 spell: Petrify
  3246 | D:2      | Killed an orc warrior
  3246 | D:2      | Reached XP level 5. HP: 21/21 MP: 0/9
  4026 | D:3      | Gained mutation: You are covered in thick fur. (AC +2)
                  | [Felid growth]
  4026 | D:3      | Reached XP level 6. HP: 16/24 MP: 10/10
  4240 | D:3      | Reached ** piety under Dithmenos
  5315 | D:4      | Killed Sigmund
  5315 | D:4      | Reached XP level 7. HP: 6/27 MP: 8/11
  5599 | D:4      | Found Kezxiwes's Antique Armour Emporium.
  5677 | D:4      | Reached skill level 5 in Stealth
  6068 | D:4      | Reached skill level 5 in Unarmed Combat
  6198 | D:4      | Noticed Ijyb
  6299 | D:4      | Killed Ijyb
  6607 | D:5      | Entered Level 5 of the Dungeon
  6659 | D:5      | Found a white marble altar of Elyvilon.
  6912 | D:5      | Reached skill level 5 in Transmutations
  7150 | D:5      | Reached XP level 8. HP: 31/31 MP: 13/13
  7285 | D:5      | Reached *** piety under Dithmenos
  7804 | D:4      | Learned a level 5 spell: Lee's Rapid Deconstruction
  8349 | D:5      | Reached skill level 5 in Earth Magic
  8578 | D:5      | Reached **** piety under Dithmenos
  9221 | D:6      | Reached XP level 9. HP: 17/34 MP: 11/15
  9405 | D:6      | Found a shattered altar of Ashenzari.
 10524 | D:7      | Found a staircase to the Ecumenical Temple.
 10636 | D:7      | You fall through a shaft!
 10642 | D:8      | Found Qupa's Book Shop.
 10661 | D:8      | Found a roughly hewn altar of Beogh.
 10667 | D:8      | Found Edopuam's Food Emporium.
 10699 | D:8      | Found Jilang's General Store.
 11668 | D:8      | Found Lobocvoe's Food Boutique.
 11770 | D:8      | Reached ***** piety under Dithmenos
 11891 | D:8      | Reached skill level 5 in Dodging
 11891 | D:8      | Reached XP level 10. HP: 37/37 MP: 17/17
 11893 | D:9      | Identified a paperback manual
 11929 | D:9      | Found a staircase to the Orcish Mines.
 11934 | D:9      | Found a glowing silver altar of Zin.
 12045 | D:9      | Found an opulent altar of Gozag.
 12207 | D:9      | Noticed a two-headed ogre
 12222 | D:9      | Killed a two-headed ogre
 12222 | D:9      | Reached skill level 1 in Fighting
 12222 | D:9      | Reached XP level 11. HP: 42/42 MP: 13/18
 12340 | D:9      | Found a flagged portal.
 12526 | Bailey   | Entered a bailey
 13091 | D:9      | Gained mutation: Your thick and shaggy fur keeps you warm.
                  | (AC +3, rC+) [Felid growth]
 13091 | D:9      | Reached XP level 12. HP: 54/54 MP: 19/19
 13273 | D:10     | Entered Level 10 of the Dungeon
 13281 | D:10     | Noticed a two-headed ogre
 13376 | D:9      | Killed a two-headed ogre
 13376 | D:9      | Reached skill level 10 in Transmutations
 13774 | D:10     | Learned a level 1 spell: Summon Butterflies
 14975 | D:11     | Reached ****** piety under Dithmenos
 16005 | D:11     | Reached skill level 10 in Stealth
 16352 | D:11     | Found a staircase to the Lair.
 16476 | D:11     | Reached skill level 10 in Unarmed Combat
 16592 | Orc:1    | Entered Level 1 of the Orcish Mines
 16961 | Orc:2    | Entered Level 2 of the Orcish Mines
 16994 | Orc:2    | Found a staircase to the Elven Halls.
 17319 | Orc:2    | Found a roughly hewn altar of Beogh.
 17368 | Orc:2    | Noticed an orc high priest
 17502 | Orc:2    | Killed an orc high priest
 17891 | Orc:2    | Found Xiymy's Food Shoppe.
 17891 | Orc:2    | Noticed an orc high priest
 17898 | Orc:2    | Killed an orc high priest
 17898 | Orc:2    | Reached skill level 5 in Spellcasting
 18035 | Orc:2    | Noticed an orc high priest
 18042 | Orc:2    | Noticed an orc high priest
 18097 | Orc:2    | Killed an orc high priest
 18259 | Orc:2    | Found Zushritu's Antique Armour Boutique.
 18287 | Orc:2    | Noticed an orc high priest
 18299 | Orc:2    | Noticed an orc high priest
 18318 | Orc:2    | Killed an orc high priest
 18609 | Orc:2    | Found a roughly hewn altar of Beogh.
 18624 | Orc:2    | Found Zirro's Gadget Boutique.
 18624 | Orc:2    | Found Gani's Armour Shoppe.
 18799 | Orc:2    | Noticed Nessos
 18853 | Orc:2    | HP: 1/55 [Nessos/arrow (7)]
 18857 | Orc:2    | Slain by an orc
 18858 | Orc:2    | Reached XP level 11. HP: 0/51 MP: 5/19
 18858 | Orc:2    | Quit the game

Vault maps used:
D:1:      dpeg_arrival_castle, minmay_misc_feat_alley
D:2:      fedhas_altar_1, serial_glass, glass_columns_a, glass_columns_c,
          item_on_display_a, item_on_display_a, minmay_strange_pillars,
          due_unseen_surprise, first_ration, minmay_misc_feat_pillars,
          st_stairs_7
D:3:      wad_river_or_something
D:4:      grunt_temple_overflow_open, serial_shops, shop, minivault_14,
          uniq_ijyb, uniq_sigmund
D:5:      minmay_goblin_kobold_castle, elyvilon_altar_1
D:6:      ashenzari_altar_1
D:7:      minmay_temple_entry_poolview, kennysheep_generic_room_11
D:8:      serial_shops, shop_statue, shop_fountains, shop, shop, special_room
D:9:      nicolae_gozag_seed_capital, lemuel_round_altar, enter_bailey_3
D:11:     david_lair_shrubbed
Orc:1:    nicolae_orc_accident_1, uniq_sonja
Orc:2:    st_orc_town, basic_altar, uniq_nessos
Bailey:   bailey_axe_2, bailey

Skill      XL: |  1  2  3  4  5  6  7  8  9 10 11 12 |
---------------+-------------------------------------+-----
Stealth        | 3 4 5 6 9 10 | 10.8
Dodging        | 3 5 8 9 |  9.0
Earth Magic    | 3 4 5 8 9 |  9.8
Unarmed Combat | 1 2 3 4 5 6 9 10 | 10.6
Transmutations | 2 3 4 5 6 9 10 | 10.0
Spellcasting   | 3 4 5 |  5.2
Fighting       | 1 7 8 |  8.0

Action                   |  1- 3 |  4- 6 |  7- 9 | 10-12 || total
-------------------------+-------+-------+-------+-------++-------
Melee: Unarmed           |    94 |   165 |   325 |   288 ||   872
       Bite              |    10 |    18 |    26 |    28 ||    82
       Punch             |     1 |       |    12 |     9 ||    22
 Cast: Sandblast         |    34 |    33 |   127 |    94 ||   288
       Passwall          |     3 |     5 |    16 |    13 ||    37
       Petrify           |       |     5 |    26 |    84 ||   115
       Lee's Rapid Decon |       |       |       |    44 ||    44
  Use: Scroll            |     2 |     4 |    12 |     1 ||    19
       Potion            |       |     1 |     2 |     1 ||     4
 Stab: Sleeping          |     4 |    11 |    32 |    24 ||    71
       Petrified         |       |     4 |    14 |    41 ||    59
       Petrifying        |       |     1 |     5 |    20 ||    26
       Distracted        |       |       |       |     3 ||     3
  Eat: Chunk             |    11 |     9 |    19 |    41 ||    80
Armor: Skin              |     7 |     3 |    14 |     4 ||    28
Dodge: Dodged            |    87 |   117 |   353 |   267 ||   824

Table legend:
 A = Non-vault XP
 B = Vault XP
 C = Vault XP percentage of total XP
 D = Non-vault monster count
 E = Vault monster count
 F = Vault count percentage of total count
                 A         B        C        D         E       F
            +---------+---------+-------+---------+---------+-------
      Total |   14211 |    7216 |  33.7 |     279 |     186 |  40.0
            +---------+---------+-------+---------+---------+-------
        D:1 |      42 |       0 |   0.0 |      21 |       0 |   0.0
        D:2 |     236 |       1 |   0.4 |      32 |       1 |   3.0
        D:3 |     151 |      29 |  16.1 |      27 |       9 |  25.0
        D:4 |     478 |     275 |  36.5 |      20 |       2 |   9.1
        D:5 |     467 |     786 |  62.7 |       8 |      51 |  86.4
        D:6 |     565 |       0 |   0.0 |      16 |       0 |   0.0
        D:7 |     847 |       8 |   0.9 |      15 |       3 |  16.7
        D:8 |     591 |     109 |  15.6 |      15 |      23 |  60.5
        D:9 |    3773 |       7 |   0.2 |      34 |       4 |  10.5
       D:10 |    1186 |       0 |   0.0 |      25 |       0 |   0.0
       D:11 |    3463 |     327 |   8.6 |      31 |       1 |   3.1
      Orc:1 |     783 |       0 |   0.0 |       9 |       0 |   0.0
      Orc:2 |    1629 |    5335 |  76.6 |      26 |      58 |  69.0
     Bailey |       0 |     339 | 100.0 |       0 |      34 | 100.0
            +---------+---------+-------+---------+---------+-------
